 Dungeon Crawl Stone Soup version 0.31-a0-1570-g93c622d222 (webtiles) character file.

Game seed: 6676977973380482085

129374 javelincjr the Warrior (level 17, -6/133 HPs)
             Began as a Djinni Hedge Wizard on Dec 12, 2023.
             Was the Champion of Qazlal.
             Hit by a large rock thrown by a stone giant (53 damage)
             ... on level 1 of the Elven Halls on Jan 3, 2024.
             The game lasted 02:44:20 (19028 turns).

javelincjr the Warrior (Djinni Hedge Wizard)       Turns: 19028, Time: 02:44:21

Health: -6/133     AC:  6    Str:  6    XL:     17   Next: 61%
Gold:   1994       EV: 17    Int: 30    God:    Qazlal [******] SH: 13 Dex: 17

rFire   + + .        M - +1 short sword of Gakluont {spect, rC++ Will++ Str-3}
rCold   + . .        P - +0 buckler {AC+3}
rNeg    . . .        J - +0 troll leather armour
rPois   ∞            c - +0 hat
rElec   .            (no cloak)
rCorr   .            (no gloves)
SInv    +            (boots unavailable)
Will    +++..        U - amulet of Noist {Regen+ Dex+4 SInv}
Stlth   +            s - ring of wizardry
HPRegen 2.02/turn    p - +6 ring of intelligence
MPRegen 0.00/turn

%: repel missiles, clarity, wizardry (x1), infuse magic (-7 HP)
@: flying
A: sickness immunity, fire resistance 2, cold vulnerability 1, float, innate
caster, HP casting, extra vitality 1, clarity, screaming 1
a: Renounce Religion, Upheaval, Elemental Force, Disaster Area


You were on level 1 of the Elven Halls.
You worshipped Qazlal.
Qazlal was exalted by your worship.
You visited 5 branches of the dungeon, and saw 19 of its levels.
You also visited: Gauntlet and Volcano.

You collected 2369 gold pieces.
You spent 375 gold pieces at shops.

Inventory:

Hand Weapons
 u - a +3 vampiric dagger
 y - a +0 dagger of distortion
 M - the +1 short sword of Gakluont (weapon) {spect, rC++ Will++ Str-3}
   (You took it off a centaur warrior on level 10 of the Dungeon)

   Str-3:     It affects your strength (-3).
   rC++:      It greatly protects you from cold.
   Will++:    It greatly increases your willpower.
 Q - the +6 orcbow "Ofaptuaw" {drain, ^Fragile rElec Str+3}
   (You took it off a vampire on level 10 of the Dungeon)

   Str+3:     It affects your strength (+3).
   rElec:     It insulates you from electricity.
   ^Fragile:  It will be destroyed if unequipped.
Missiles
 i - 32 poisoned darts
 G - 2 curare-tipped darts
 V - 4 silver javelins
Armour
 a - a +4 chain mail of cold resistance
 b - a +4 scale mail of cold resistance
 c - a +0 hat (worn)
 E - +0 acid dragon scales
 J - a +0 troll leather armour (worn)
 P - a +0 buckler of protection (worn)
Magical Staves
 l - a staff of conjuration
 q - a staff of cold
Jewellery
 n - an amulet of regeneration
 p - a +6 ring of intelligence (right hand)
 s - a ring of wizardry (left hand)
 z - an amulet of reflection
 B - a ring of protection from fire
 C - a ring of positive energy
 R - a ring of protection from fire
 U - the amulet of Noist (around neck) {Regen+ Dex+4 SInv}
   (You found it on level 1 of the Elven Halls)

   [amulet of regeneration]

   Dex+4:     It affects your dexterity (+4).
   SInv:      It lets you see invisible.
   Regen+:    It increases your rate of health regeneration.
Wands
 m - a wand of polymorph (10)
 r - a wand of digging (8)
 x - a wand of flame (72)
 D - a wand of mindburst (13)
 F - a wand of quicksilver (18)
 I - a wand of iceblast (21)
Scrolls
 d - 4 scrolls of fog
 g - 3 scrolls of fear
 o - 3 scrolls of torment
 t - 5 scrolls of revelation
 A - a scroll of acquirement
 K - 5 scrolls of immolation
 L - 2 scrolls of teleportation
 O - 2 scrolls of noise
 T - 2 scrolls of poison
Potions
 e - 3 potions of resistance
 f - 12 potions of heal wounds
 h - 6 potions of curing
 j - 4 potions of might
 k - a potion of mutation
 H - 3 potions of cancellation
 N - 4 potions of attraction
 S - 2 potions of enlightenment
 W - 4 potions of brilliance
 X - a potion of invisibility
 Z - 2 potions of ambrosia
Miscellaneous
 v - a sack of spiders
 w - a lightning rod (4/4)
 Y - a tin of tremorstones (2/2)


   Skills:
 * Level 15.9 Fighting
 - Level 3.7 Short Blades
 + Level 6.8 Armour
 + Level 12.5 Dodging
 - Level 8.4 Stealth
 + Level 2.4 Shields
 * Level 11.9 Spellcasting
 * Level 11.9 Conjurations
 * Level 11.9 Hexes
 * Level 11.9 Summonings
 * Level 11.9 Necromancy
 * Level 11.9 Translocations
 * Level 11.9 Fire Magic
 * Level 11.9 Ice Magic
 * Level 11.9 Air Magic
 * Level 11.9 Earth Magic
 * Level 14.8 Alchemy
 + Level 10.5 Invocations
 - Level 3.1 Evocations


You knew the following spells:

 Your Spells              Type           Power      Damage    Failure   Level
a - Magic Dart            Conj           100%       1d8       1%          1
b - Slow                  Hex            100%       N/A       1%          1
c - Blink                 Tloc           100%       N/A       1%          2
d - Call Imp              Summ           100%       N/A       1%          2
e - Mephitic Cloud        Conj/Alch/Air  76%        N/A       1%          3
f - Apportation           Tloc           100%       N/A       1%          1
g - Fugue of the Fallen   Necr           73%        N/A       1%          3
h - Summon Blazeheart Go  Fire/Summ      73%        N/A       1%          4
i - Iskenderun's Mystic   Conj/Tloc      73%        2d15      1%          4
j - Manifold Assault      Tloc           73%        N/A       1%          4
k - Fireball              Conj/Fire      36%        3d15      1%          5
l - Bombard               Conj/Erth      36%        9d6       3%          6
m - Summon Hydra          Summ           36%        N/A       17%         7
Your spell library was empty.

Dungeon Overview and Level Annotations

Branches:
Dungeon (10/15)            Temple (1/1) D:5            Lair (5/5) D:10
  Swamp (0/4) Lair:2        Snake (0/4) Lair:3        Slime (0/5) Lair:5
    Orc (2/2) D:10            Elf (1/3) Orc:2       Volcano (visited)
Gauntlet (visited)

Altars:
Ashenzari
Cheibriados
Dithmenos
Elyvilon
Fedhas
Gozag
Hepliaklqana
Makhleb
Nemelex Xobeh
Okawaru
Qazlal
Ru
Trog
Uskayaw
Wu Jian
Xom
Yredelemnul
Zin
The Shining One

Shops:
Orc:2 *:([

Annotations:
Elf:1 pigah's ghost, adept OpSh


Innate Abilities, Weirdness & Mutations

You are immune to sickness and miasma.
You are immune to poison.
Your flesh is very heat resistant. (rF++)
You are vulnerable to cold. (rC-)
You float through the air rather than walking.
You learn spells naturally, not from books.
Your magical power is your life essence.
You have superior vitality. (+4 MHP)
You possess an exceptional clarity of mind.
You occasionally shout uncontrollably at your foes.


Message History

The fireball engulfs the deep elf master archer!!
You kill the deep elf master archer!
Qazlal accepts your kill.
The fireball engulfs the merfolk impaler!!
The merfolk impaler is almost dead.
The fireball engulfs the stone giant!!
The stone giant is heavily wounded.
Casting: Fireball (mildly dangerous; 1% risk of failure)
Confirm with . or Enter, or press ? or * to list all spells.
Aiming: Fireball (mildly dangerous; 1% risk of failure)
Press: ? - help, Shift-Dir - straight line The fireball explodes!
You hear a sizzling sound!
The fireball engulfs the merfolk impaler!!
You kill the merfolk impaler!
Qazlal accepts your kill.
The fireball engulfs the stone giant!!
The stone giant is severely wounded.
The stone giant throws a large rock.
The large rock hits you!!
Casting: Fireball (mildly dangerous; 1% risk of failure)
Confirm with . or Enter, or press ? or * to list all spells.
You erupt in a blast of force!
The mystic blast hits the stone giant!
The stone giant is almost dead.
The stone giant is knocked back by the mystic blast.
Things that are here:
a +2 long sword of freezing; a +0 leather armour
Casting: Iskenderun's Mystic Blast (safe; 1% risk of failure)
Confirm with . or Enter, or press ? or * to list all spells.
You erupt in a blast of force!
The mystic blast hits the stone giant!
The stone giant is lightly wounded.
The mystic blast hits the stone giant!
You kill the stone giant!
Qazlal accepts your kill.
The stone giant is engulfed in blazing flames.
The stone giant throws a large rock.
The large rock misses you.
The centaur warrior wields a +0 shortbow.
The centaur warrior shoots an arrow.
The arrow misses you.
The stone giant is engulfed in blazing flames.
The stone giant throws a large rock.
The large rock hits you!!!
You die...

#....#.# #.##.##.##
########## ####.....# ##.#
####..#
##.##...#_#/..######).######
..###...:.....#...)).......#
>.# #.#8...8#.#<..#.###.##.#
#.###.........#.§.#.# #.##.#
....#.#8...8#.#...#.###.##.#
..###......CN.#.@.##....##.#
)## ####'''####)).##.......#
## #.....)W..(§§○#####.####
# #......)c.C.☼.# #.##
####..##.###### #..# #
##.###.# ########### ##
##......# #≈≈≈≈≈≈≈≈≈# .##
##..>..#####≈≈≈###≈≈≈##
..###)####....#≈≈§##.##§≈≈#


You could see a stone giant and a centaur warrior.

Vanquished Creatures
  A deep elf master archer (Elf:1)
  An orc warlord (Orc:2)
  The ghost of Qur Och the Covert, an adept FeSh of Wu Jian (Orc:1)
  A stone giant (Elf:1)
  A minotaur (Gauntlet)
  A deep elf death mage (Elf:1)
  A deep elf high priest (Elf:1)
  Snorg (Lair:4)
  A merfolk javelineer (Elf:1)
  A merfolk impaler (Elf:1)
  2 catoblepae
  Harold (Lair:2)
  4 hydras
  A centaur warrior (D:10)
  4 two-headed ogres
  A deep troll shaman (Lair:5)
  6 dancing weapons (Elf:1)
  8 death yaks (Lair:5)
  A tengu warrior (Elf:1)
  3 orc high priests (Orc:2)
  5 deep elf knights (Elf:1)
  Amaemon (Lair:1)
  The ghost of THTSBRD the Nimble, a novice MfGl (D:6)
  A skyshark (Lair:3)
  2 deep elf archers (Elf:1)
  An arcanist (Gauntlet)
  An obsidian statue (Volcano)
  9 deep elf zephyrmancers (Elf:1)
  A lindwurm (Lair:5)
  5 oklob plants
  An ugly thing (Volcano)
  13 deep elf pyromancers
  A worldbinder (Gauntlet)
  4 orc sorcerers
  The ghost of L4yla the Trooper, a novice OgSh of Gozag (D:6)
  2 black mambas
  16 elephants
  11 kobold blastminers
  2 smoke demons
  2 torpor snails (Lair:4)
  12 cane toads
  A gargoyle (D:10)
  8 orange demons
  A minotaur zombie (Gauntlet)
  4 rime drakes
  7 komodo dragons
  2 ice devils (Gauntlet)
  5 trolls
  3 red devils (D:10)
  A hornet (D:9)
  6 polar bears
  A hornet (shapeshifter) (Elf:1)
  A wolf spider simulacrum (Gauntlet)
  19 blink frogs
  Grinder (D:6)
  4 dream sheep (Lair:4)
  A centaur simulacrum (Gauntlet)
  2 wraiths (D:10)
  3 vampires
  9 wyverns
  A shadow (D:10)
  17 yaks
  Eustachio (D:4)
  A golden eye (Lair:2)
  13 basilisks
  4 fire bats (Volcano)
  3 wargs (Orc:2)
  2 steam dragons (D:8)
  3 nagas (Lair:3)
  Menkaure (D:7)
  An acid dragon (D:7)
  2 hell hounds (Volcano)
  16 water moccasins
  A meliai simulacrum (Gauntlet)
  35 orc warriors
  6 black bears (Lair:1)
  An ice beast (D:8)
  2 sky beasts
  An ice dragon simulacrum (Gauntlet)
  6 ogres
  16 wolves
  3 boggarts (Gauntlet)
  3 centaurs
  A phantom (D:7)
  2 lemures
  5 kobold brigands
  9 bullfrogs
  A gnoll sergeant (D:7)
  7 scorpions
  9 wights
  A killer bee (D:10)
  8 howler monkeys
  A vampire bat (Orc:1)
  4 crimson imps (Gauntlet)
  3 lava snakes (Volcano)
  3 hounds
  A jelly (D:7)
  2 gnoll boudas
  18 orc priests
  An iguana (D:6)
  31 orc wizards
  11 gnolls
  4 adders
  4 shadow imps
  3 white imps
  4 ufetubi
  2 ribbon worms
  6 dart slugs
  69 orcs
  9 bats
  7 endoplasms
  4 giant cockroaches
  7 goblins
  5 hobgoblins
  5 jackals (D:5)
  3 quokkas
  7 ball pythons
  5 frilled lizards
  19 kobolds
  6 rats
  A spectral weapon (Lair:2)
639 creatures vanquished.

Vanquished Creatures (collateral kills)
  A boulder beetle (Lair:3)
  Pikel (D:5)
  A deep elf pyromancer (Elf:1)
  2 ogres
  A lemure (D:5)
  A centaur (D:9)
  A bullfrog (Lair:2)
  A wight (D:7)
  A hound (D:5)
  An iguana (D:2)
  2 gnolls (D:5)
  An adder (D:6)
  A shadow imp (D:5)
  A dart slug (D:4)
  5 orcs
  A hobgoblin (D:4)
  A jackal (D:5)
  A bat (Orc:1)
  A goblin (D:4)
25 creatures vanquished.

Vanquished Creatures (others)
  A blizzard demon (Gauntlet)
  A deep elf knight (Elf:1)
  Joseph (D:7)
  Maggie (D:8)
  A wyvern (D:8)
  Duvessa (D:5)
  3 orc warriors
  An ogre (D:6)
  2 centaurs
  A lemure (D:5)
  Dowan (D:5)
  An iguana (D:5)
  An orc wizard (D:5)
  An adder (D:6)
  An orc (D:5)
  A jackal (D:5)
19 creatures vanquished.

Grand Total: 683 creatures vanquished

Notes
Turn   | Place    | Note
-------+----------+-------------------------------------------
     0 | D:1      | javelincjr the Djinni Hedge Wizard began the quest for the
                  | Orb.
     0 | D:1      | javelincjr set off with the following spells memorised:
                  | Magic Dart, Slow, Blink, Call Imp, Mephitic Cloud.
     0 | D:1      | Reached XP level 1. HP: 15/15 MP: 0/0
   140 | D:1      | Reached XP level 2. HP: 16/21 MP: 0/0
  1191 | D:2      | Reached XP level 3. HP: 23/26 MP: 0/0
  1191 | D:2      | Learned a level 1 spell: Apportation
  1306 | D:2      | Reached skill level 1 in Fighting
  1545 | D:2      | Reached XP level 4. HP: 11/32 MP: 0/0
  1943 | D:3      | Reached skill level 2 in Fighting
  1967 | D:3      | Reached XP level 5. HP: 38/38 MP: 0/0
  1967 | D:3      | Learned a level 3 spell: Fugue of the Fallen
  2415 | D:3      | Found a sparkling altar of Nemelex Xobeh.
  2585 | D:4      | Found a sacrificial altar of Ru.
  2769 | D:4      | Reached XP level 6. HP: 42/45 MP: 0/0
  2780 | D:4      | Reached skill level 3 in Fighting
  2908 | D:4      | Noticed Eustachio
  2929 | D:4      | Killed Eustachio
  2930 | D:4      | Reached XP level 7. HP: 46/51 MP: 0/0
  2930 | D:4      | Learned a level 4 spell: Summon Blazeheart Golem
  3149 | D:5      | Entered Level 5 of the Dungeon
  3187 | D:5      | Noticed Pikel
  3293 | D:5      | Reached skill level 4 in Fighting
  3442 | D:5      | Noticed Duvessa
  3475 | D:5      | Killed Duvessa
  3476 | D:5      | Reached XP level 8. HP: 41/58 MP: 0/0
  3596 | D:5      | Found a staircase to the Ecumenical Temple.
  3608 | Temple   | Entered the Ecumenical Temple
  3720 | D:5      | Reached skill level 5 in Fighting
  3820 | D:5      | Killed Pikel
  3821 | D:5      | Reached skill level 6 in Fighting
  3821 | D:5      | Reached skill level 5 in Dodging
  3821 | D:5      | Reached skill level 5 in Spellcasting
  3821 | D:5      | Reached skill level 5 in Conjurations
  3821 | D:5      | Reached skill level 5 in Hexes
  3821 | D:5      | Reached skill level 5 in Summonings
  3821 | D:5      | Reached skill level 5 in Necromancy
  3821 | D:5      | Reached skill level 5 in Translocations
  3821 | D:5      | Reached skill level 5 in Transmutations
  3821 | D:5      | Reached skill level 5 in Fire Magic
  3821 | D:5      | Reached skill level 5 in Ice Magic
  3821 | D:5      | Reached skill level 5 in Air Magic
  3821 | D:5      | Reached skill level 5 in Earth Magic
  3821 | D:5      | Reached skill level 5 in Alchemy
  3821 | D:5      | Reached XP level 9. HP: 66/66 MP: 0/0
  3821 | D:5      | Learned a level 4 spell: Iskenderun's Mystic Blast
  3988 | D:5      | Noticed Dowan
  4002 | D:5      | Killed Dowan
  4021 | D:5      | Found a shadowy altar of Dithmenos.
  4085 | D:5      | Found a stormy altar of Qazlal.
  4092 | D:5      | Became a worshipper of Qazlal Stormbringer
  4558 | D:6      | Reached skill level 1 in Invocations
  4614 | D:6      | Reached skill level 7 in Fighting
  4814 | D:6      | Found a snail-covered altar of Cheibriados.
  4889 | D:6      | Noticed Grinder
  4904 | D:6      | Paralysed by Grinder for 4 turns
  4923 | D:6      | Paralysed by Grinder for 5 turns
  4932 | D:6      | Killed Grinder
  4933 | D:6      | Reached skill level 5 in Stealth
  5038 | D:6      | Found a blossoming altar of Fedhas.
  5041 | D:6      | Found a runed translucent gate.
  5041 | D:6      | Found a runed translucent gate.
  5042 | D:6      | Found a runed translucent gate.
  5046 | D:6      | Noticed THTSBRD's ghost (novice MfGl)
  5046 | D:6      | Noticed L4yla's ghost (novice OgSh)
  5105 | D:6      | Found a basalt altar of Yredelemnul.
  5108 | D:6      | Noticed a profane servitor
  5117 | D:6      | Found a glowing golden altar of the Shining One.
  5120 | D:6      | Noticed an angel
  5171 | D:6      | Reached XP level 10. HP: 63/75 MP: 0/0
  5437 | D:6      | Killed L4yla's ghost
  5509 | D:6      | Killed THTSBRD's ghost
  5509 | D:6      | Reached * piety under Qazlal
  5510 | D:6      | Reached skill level 8 in Fighting
  5598 | D:7      | Found an opulent altar of Gozag.
  5598 | D:7      | Found a glowing silver altar of Zin.
  5697 | D:7      | Noticed Menkaure
  5713 | D:7      | Killed Menkaure
  5787 | D:7      | Reached ** piety under Qazlal
  5959 | D:7      | Gained mutation: You expend health (3 HP) to strengthen
                  | your wands. [potion of mutation]
  5960 | D:7      | Lost mutation: You expend health (3 HP) to strengthen your
                  | wands. [potion of mutation]
  5960 | D:7      | Gained mutation: You possess an exceptional clarity of
                  | mind. [potion of mutation]
  5960 | D:7      | Gained mutation: You occasionally shout uncontrollably at
                  | your foes. [potion of mutation]
  6248 | D:7      | Noticed a deep elf pyromancer
  6252 | D:7      | Noticed Joseph
  6259 | D:7      | Killed a deep elf pyromancer
  6260 | D:7      | Reached skill level 9 in Fighting
  6260 | D:7      | Reached XP level 11. HP: 28/84 MP: 0/0
  6260 | D:7      | Learned a level 4 spell: Manifold Assault
  6286 | D:7      | Killed Joseph
  6605 | D:7      | Upgraded the game from 0.31-a0-1204-ge2c1a860ed to
                  | 0.31-a0-1206-g41278d8d1d
  6974 | D:8      | Reached *** piety under Qazlal
  7162 | D:8      | Noticed Maggie
  7179 | D:8      | Upgraded the game from 0.31-a0-1206-g41278d8d1d to
                  | 0.31-a0-1227-g0136665373
  7692 | D:8      | Killed Maggie
  7829 | D:9      | Noticed a two-headed ogre
  7849 | D:9      | Killed a two-headed ogre
  8224 | D:10     | Entered Level 10 of the Dungeon
  8284 | D:10     | Reached skill level 5 in Invocations
  8333 | D:10     | Found a staircase to the Orcish Mines.
  8431 | D:10     | Found a broken altar of Ashenzari.
  8451 | D:10     | Reached skill level 10 in Fighting
  8668 | D:10     | Reached XP level 12. HP: 79/92 MP: 0/0
  8808 | D:10     | Noticed a two-headed ogre
  8817 | D:10     | Killed a two-headed ogre
  8834 | D:10     | Identified the +1 short sword of Gakluont {spect, rC++
                  | Will++ Str-3}
  8834 | D:10     | Noticed a centaur warrior
  8851 | D:10     | Killed a centaur warrior
  8853 | D:10     | Reached **** piety under Qazlal
  8974 | D:10     | Identified the +6 orcbow "Ofaptuaw" {drain, ^Fragile rElec
                  | Str+3}
  8979 | D:10     | Reached skill level 11 in Fighting
  9248 | D:10     | Noticed a +0 dagger
  9248 | D:10     | Noticed a +0 hand axe
  9250 | D:10     | Found a hide-covered altar of Uskayaw.
  9414 | D:10     | Found a staircase to the Lair.
  9425 | D:10     | Noticed a two-headed ogre
  9436 | D:10     | Killed a two-headed ogre
  9648 | Lair:1   | Entered Level 1 of the Lair of Beasts
  9648 | Lair:1   | Noticed Amaemon
  9673 | Lair:1   | Killed Amaemon
 10111 | Lair:1   | Upgraded the game from 0.31-a0-1227-g0136665373 to
                  | 0.31-a0-1300-gb6740aa4e6
 10255 | Lair:1   | Reached XP level 13. HP: 95/99 MP: 0/0
 10255 | Lair:1   | Learned a level 5 spell: Fireball
 11003 | Lair:2   | Found a staircase to the Swamp.
 11050 | Lair:2   | Noticed an eight-headed hydra
 11055 | Lair:2   | Killed an eight-headed hydra
 11085 | Lair:2   | Noticed Harold
 11092 | Lair:2   | Killed Harold
 11093 | Lair:2   | Reached skill level 12 in Fighting
 11121 | Lair:2   | Found a gate leading to a gauntlet.
 11140 | Gauntlet | Entered a Gauntlet
 11140 | Gauntlet | Found a transporter.
 11140 | Gauntlet | Found a runed translucent door.
 11141 | Gauntlet | Found a runed translucent door.
 11150 | Gauntlet | Found a transporter.
 11153 | Gauntlet | Found a transporter.
 11154 | Gauntlet | Found a transporter.
 11165 | Gauntlet | Found a transporter.
 11165 | Gauntlet | Found a transporter.
 11166 | Gauntlet | Found a transporter.
 11179 | Gauntlet | Found a transporter.
 11180 | Gauntlet | Found a transporter.
 11180 | Gauntlet | Found a transporter.
 11190 | Gauntlet | Found a transporter.
 11193 | Gauntlet | Found a transporter.
 11194 | Gauntlet | Found a transporter.
 11197 | Gauntlet | Noticed a blizzard demon
 11202 | Gauntlet | Found a transporter.
 11366 | Gauntlet | Reached ***** piety under Qazlal
 11437 | Gauntlet | Killed a blizzard demon
 11444 | Gauntlet | Reached skill level 10 in Dodging
 11494 | Gauntlet | Noticed a minotaur
 11506 | Gauntlet | Killed a minotaur
 11806 | Lair:2   | Upgraded the game from 0.31-a0-1300-gb6740aa4e6 to
                  | 0.31-a0-1570-g93c622d222
 12763 | Lair:3   | Reached skill level 1 in Armour
 12844 | Lair:3   | Reached XP level 14. HP: 58/108 MP: 0/0
 13075 | Lair:3   | Reached skill level 13 in Fighting
 13550 | Lair:3   | Found a staircase to the Snake Pit.
 14169 | Lair:4   | Noticed Snorg
 14177 | Lair:4   | Reached skill level 10 in Spellcasting
 14177 | Lair:4   | Reached skill level 10 in Conjurations
 14177 | Lair:4   | Reached skill level 10 in Hexes
 14177 | Lair:4   | Reached skill level 10 in Summonings
 14177 | Lair:4   | Reached skill level 10 in Necromancy
 14177 | Lair:4   | Reached skill level 10 in Translocations
 14177 | Lair:4   | Reached skill level 10 in Fire Magic
 14177 | Lair:4   | Reached skill level 10 in Ice Magic
 14177 | Lair:4   | Reached skill level 10 in Air Magic
 14177 | Lair:4   | Reached skill level 10 in Earth Magic
 14179 | Lair:4   | Killed Snorg
 14335 | Lair:4   | Identified a scroll of acquirement
 14451 | Lair:4   | Found a dark tunnel.
 14462 | Volcano  | Entered a volcano
 14495 | Volcano  | Reached ****** piety under Qazlal
 14672 | Volcano  | Found a burning altar of Makhleb.
 15101 | Lair:4   | Reached skill level 14 in Fighting
 15458 | Lair:5   | Entered Level 5 of the Lair of Beasts
 15462 | Lair:5   | Reached XP level 15. HP: 108/117 MP: 0/0
 15462 | Lair:5   | Learned a level 6 spell: Bombard
 15482 | Lair:5   | Reached skill level 1 in Short Blades
 15639 | Lair:5   | Found a staircase to the Slime Pits.
 15943 | Lair:5   | Reached skill level 5 in Armour
 16643 | Orc:1    | Entered Level 1 of the Orcish Mines
 16774 | Orc:2    | Entered Level 2 of the Orcish Mines
 17031 | Orc:2    | Found Gypreyhu's General Store.
 17042 | Orc:2    | Bought 2 potions of cancellation for 240 gold pieces
 17042 | Orc:2    | Bought a potion of brilliance for 60 gold pieces
 17042 | Orc:2    | Bought a scroll of teleportation for 45 gold pieces
 17042 | Orc:2    | Bought a scroll of identify for 30 gold pieces
 17045 | Orc:2    | Reached skill level 15 in Fighting
 17045 | Orc:2    | Reached skill level 1 in Evocations
 17045 | Orc:2    | Reached XP level 16. HP: 126/126 MP: 0/0
 17276 | Orc:2    | Found a staircase to the Elven Halls.
 17357 | Orc:2    | Found Mytezxos's Book Emporium.
 17638 | Orc:2    | Found Cavibay's Antique Armour Emporium.
 17640 | Orc:2    | Found Eschay's Antique Weapon Shoppe.
 17715 | Orc:1    | Reached skill level 10 in Invocations
 17735 | Orc:1    | Found a runed translucent door.
 17736 | Orc:1    | Noticed Qur Och's ghost (adept FeSh)
 17753 | Orc:1    | Killed Qur Och's ghost
 17832 | Orc:1    | Reached XP level 17. HP: 106/131 MP: 0/0
 17832 | Orc:1    | Learned a level 7 spell: Summon Hydra
 18049 | Elf:1    | Entered Level 1 of the Elven Halls
 18164 | Elf:1    | Found a runed translucent gate.
 18164 | Elf:1    | Found a runed translucent gate.
 18164 | Elf:1    | Found a runed translucent gate.
 18164 | Elf:1    | Identified the +4 broad axe "Nameh" {elec, +Blink Dex+4}
 18165 | Elf:1    | Noticed a deep elf master archer
 18165 | Elf:1    | Noticed pigah's ghost (adept OpSh)
 18172 | Elf:1    | Found an iron altar of Okawaru.
 18230 | Elf:1    | Reached skill level 1 in Shields
 18781 | Elf:1    | Identified the amulet of Noist {Regen+ Dex+4 SInv}
 19023 | Elf:1    | Killed a deep elf master archer
 19028 | Elf:1    | Hit by a large rock thrown by a stone giant

Illustrated notes

Levels and vault maps discovered:
D:1:      wander_arrival_chamber, layout_rooms, lexackson_kobold_supper
D:2:      layout_rooms, serial_forest, infiniplex_forest_straight_4,
          infiniplex_forest_diagonal, infiniplex_forest_clump_long,
          infiniplex_forest_clump_cross, infiniplex_forest_lined_room_2,
          infiniplex_forest_end_2, infiniplex_forest_clump_long,
          infiniplex_forest_3_way, infiniplex_forest_straight_1,
          infiniplex_forest_clump_cross, kennysheep_generic_room_5
D:3:      layout_basic, nemelex_spade_bored_becter
D:4:      layout_cave_pools, nicolae_overflow_crystal_walls, uniq_eustachio
D:5:      layout_loops_ring, mainiacjoe_overflow_two_lobes,
          minmay_temple_entry_statues_pillars, uniq_duvessa, uniq_pikel
D:6:      layout_basic, grunt_temple_overflow_holy_war,
          fedhas_bush_and_centaur_altar, mainiacjoe_overflow_24_doors,
          gammafunk_ghost_cemetery, uniq_grinder
D:7:      wad_guarded_room, layout_loops_ring,
          grunt_temple_overflow_gold_and_silver, uniq_menkaure, uniq_joseph
D:8:      layout_basic, uniq_maggie
D:9:      layout_roguey
D:10:     minmay_imperfect_grid, layout_irregular_city, dancing_weapons_uskayaw,
          mainiacjoe_overflow_cross_hatched, grunt_lair_entry_orc_guard_hut,
          minmay_misc_feat_secret_circle, minmay_beelzebubs_servants
Temple:   eino_temple_lava
Lair:1:   beast_lair_carwin_large_1, layout_layer_cave,
          nicolae_quartered_pool_super, serial_bayou_shore_b,
          infiniplex_staircase_pool_2, uniq_amaemon
Lair:2:   layout_small_grid, swamp_mist, gauntlet_entry_generic,
          disabler_island, lemuel_fruit_tree, uniq_harold
Lair:3:   layout_chaotic_city, nicolae_snake_entry_squirm, grunt_megastairs_3
Lair:4:   regret_index_malice_mire, layout_loops_ring,
          nicolae_volcano_entry_hallway, uniq_snorg
Lair:5:   grunt_lair_end_beastmaster, layout_gridlike, slime_entry_1,
          minmay_lair_oklob_items, infiniplex_staircase_pool,
          lemuel_fruit_fields
Orc:1:    layout_diamond_mine, ebering_ghost_inner_flame, roderic_batcave
Orc:2:    grunt_orc_community_town_hall, layout_caves,
          grunt_orc_community_big_house_1, grunt_orc_community_big_house_1,
          grunt_orc_community_house_3, grunt_orc_community_house_2,
          grunt_orc_community_house_2, grunt_orc_community_house_2,
          grunt_orc_community_house_1
Elf:1:    layout_loops_cross, gammafunk_ghost_fury_of_okawaru,
          kennysheep_underground_church

Skill      XL: |  1  2  3  4  5  6  7  8  9 10 11 12 13 14 15 16 17 |
---------------+----------------------------------------------------+-----
Spellcasting   | 3 4 5 6 7 8 9 10 11 | 11.9
Conjurations   | 3 4 5 6 7 8 9 10 11 | 11.9
Hexes          | 3 4 5 6 7 8 9 10 11 | 11.9
Summonings     | 3 4 5 6 7 8 9 10 11 | 11.9
Necromancy     | 3 4 5 6 7 8 9 10 11 | 11.9
Translocations | 3 4 5 6 7 8 9 10 11 | 11.9
Transmutations | 3 4 5 6 7 8 9 |  0.0
Fire Magic     | 3 4 5 6 7 8 9 10 11 | 11.9
Ice Magic      | 3 4 5 6 7 8 9 10 11 | 11.9
Air Magic      | 3 4 5 6 7 8 9 10 11 | 11.9
Earth Magic    | 3 4 5 6 7 8 9 10 11 | 11.9
Alchemy        | 3 4 5 6 7 8 13 14 | 14.8
Stealth        | 2 3 4 5 6 7 8 |  8.4
Fighting       | 1 2 3 4 6 7 9 10 11 12 14 15 | 15.9
Dodging        | 3 4 5 6 7 8 9 10 11 12 | 12.5
Invocations    | 2 4 5 6 7 8 9 10 | 10.5
Armour         | 1 4 5 6 |  6.8
Short Blades   | 3 |  3.7
Evocations     | 1 2 3 |  3.1
Shields        | 2 |  2.4

Action                     |  1- 3 |  4- 6 |  7- 9 | 10-12 | 13-15 | 16-18 || total
---------------------------+-------+-------+-------+-------+-------+-------++-------
  Melee: Staff             |   442 |     6 |    40 |    16 |       |       ||   504
         Punch             |     3 |       |       |     1 |     2 |     1 ||     7
         Dagger            |     1 |       |       |    80 |       |       ||    81
         Short sword       |       |       |       |       |   230 |    30 ||   260
   Cast: Magic Dart        |    77 |   152 |   127 |   262 |   176 |    32 ||   826
         Call Imp          |     1 |     4 |    36 |    30 |     9 |       ||    80
         Mephitic Cloud    |       |     3 |     4 |     2 |     6 |       ||    15
         Summon Blazeheart |       |       |    23 |    16 |     8 |       ||    47
         Slow              |       |       |     9 |     2 |     5 |     1 ||    17
         Iskenderun's Myst |       |       |    17 |   253 |   240 |    30 ||   540
         Manifold Assault  |       |       |       |    42 |    21 |     1 ||    64
         Fireball          |       |       |       |       |   199 |    84 ||   283
         Bombard           |       |       |       |       |    29 |    49 ||    78
         Summon Hydra      |       |       |       |       |       |     6 ||     6
 Invoke: Elemental Force   |       |       |       |       |     1 |       ||     1
  Evoke: Wand              |       |       |       |     3 |       |       ||     3
    Use: Scroll            |       |       |       |    17 |    10 |     3 ||    30
         Potion            |       |       |       |     4 |     2 |       ||     6
 Armour: Robe              |     8 |     6 |    72 |    12 |       |       ||    98
         Acid dragon scale |       |       |       |    26 |       |       ||    26
         Troll leather arm |       |       |       |    52 |   118 |    28 ||   198
  Dodge: Dodged            |     9 |    10 |    72 |    65 |    87 |    50 ||   293
         Repelled          |       |       |       |     1 |    11 |     4 ||    16
  Block: Other             |       |       |       |    17 |    45 |    13 ||    75
         Buckler           |       |       |       |       |       |     6 ||     6

Table legend: (Time is in decaauts)
 A = Elapsed time spent in this place.
 B = Non-inter-level travel time spent in this place.
 C = Inter-level travel time spent in this place.
 D = Time resting spent in this place.
 E = Time spent auto-exploring this place.
 F = Levels seen in this place.
 G = Mean time per level.
                   A        B        C        D        E       F      G
               +--------+--------+--------+--------+--------+-----+--------+
         Total |  19138 |  18340 |    798 |    446 |  11911 |  21 |  911.3 |
       Dungeon |   9706 |   9299 |    407 |    134 |   6156 |  10 |  970.6 |
        Temple |     73 |     73 |      0 |      0 |      0 |   1 |   73.0 |
          Lair |   6138 |   5852 |    286 |    135 |   4191 |   5 | 1227.6 |
  Orcish Mines |   1399 |   1296 |    103 |     47 |    842 |   2 |  699.5 |
   Elven Halls |    978 |    978 |      0 |     67 |    606 |   1 |  978.0 |
       Volcano |    377 |    377 |      0 |      0 |     86 |   1 |  377.0 |
      Gauntlet |    462 |    462 |      0 |     63 |     30 |   1 |  462.0 |
               +--------+--------+--------+--------+--------+-----+--------+

Top non-repeatable levels by time:
    D:10: 1457 daAuts
  Lair:2: 1393 daAuts
  Lair:1: 1329 daAuts
     D:1: 1274 daAuts
  Lair:4: 1263 daAuts
     D:6: 1195 daAuts
     D:5: 1112 daAuts
  Lair:3: 1100 daAuts
     D:7: 1075 daAuts
  Lair:5: 1051 daAuts
   Orc:2: 986 daAuts
   Elf:1: 978 daAuts
     D:9: 796 daAuts
     D:8: 766 daAuts
     D:2: 712 daAuts
